 Dungeon Crawl Stone Soup version 0.31-a0-844-gdc52ec4e09 (webtiles) character file.

Game seed: 5498253140817557299

1544 Ethylacetat the Changeling (level 8, -4/53 HPs)
             Began as an Octopode Shapeshifter on Sept 30, 2023.
             Slain by a sky beast (6 damage)
             ... on level 7 of the Dungeon.
             The game lasted 00:06:56 (6147 turns).

Ethylacetat the Changeling (Octopode Shapeshifter)  Turns: 6147, Time: 00:06:56

Health: -4/53      AC:  2    Str: 17 (20) XL:     8   Next: 87%
Magic:  8/8        EV: 15    Int: 10 (12) God:
Gold:   340        SH:  0    Dex: 17 (19) Spells: 7/7 levels left

rFire   + .          .
                       - Unarmed
rCold   + . .        (shield currently unavailable)
rNeg    . . .        A - +1 hat
rPois   .            (no amulet)
rElec   .            q - +6 ring of dexterity
rCorr   .            t - ring of flight
SInv    .            w - +6 ring of strength
Will    .....        (no ring)
Stlth   +            (no ring)
HPRegen 0.28/turn    (no ring)
MPRegen 0.11/turn    (no ring)
                     (no ring)

%: no passive effects
@: flux-form, flying, glowing
A: glow, contaminating, reduced hp, almost no armour, amphibious, 8 rings,
camouflage 1, gelatinous body 1, (nimble swimmer 1), tentacles, cold resistance
1, fire resistance 1, devolution 1
a: Begin Untransformation


You were on level 7 of the Dungeon.
You were something dangerously unstable.
You visited 2 branches of the dungeon, and saw 8 of its levels.
You also visited: Ossuary.

You collected 340 gold pieces.

Inventory:

Armour
 A - a +1 hat (worn)
Jewellery
 b - a +6 ring of strength
 q - a +6 ring of dexterity (left tentacle)
 t - a ring of flight (right tentacle)
 w - a +6 ring of strength (on tentacle)
Talismans
 c - a flux talisman (active)
Wands
 a - a wand of flame (9)
 n - a wand of iceblast (6)
 v - a wand of charming (11)
 C - a wand of digging (8)
Scrolls
 e - 2 scrolls of enchant weapon {unknown}
 f - 2 scrolls of teleportation {unknown}
 g - a scroll of torment {unknown}
 h - 2 scrolls of noise {unknown}
 i - a scroll of enchant armour {unknown}
 k - 2 scrolls of vulnerability {unknown}
 m - 6 scrolls of identify {unknown}
 p - 2 scrolls of blinking {unknown}
 y - a scroll of revelation {unknown}
 z - a scroll of fear {unknown}
Potions
 d - 2 potions of might {unknown}
 j - 2 potions of enlightenment {unknown}
 l - a potion of heal wounds {unknown}
 o - 2 potions of degeneration
 r - 3 potions of mutation
 s - a potion of brilliance {unknown}
 u - a potion of ambrosia {unknown}
 x - 2 potions of haste {unknown}
 B - a potion of magic {unknown}


   Skills:
 + Level 4.8 Fighting
 + Level 5.1 Dodging
 + Level 5.6 Unarmed Combat
 * Level 6.9 Shapeshifting


You had 7 spell levels left.
You didn't know any spells.
Your spell library contained the following spells:

 Spells                   Type           Power      Damage    Failure   Level
 Slow                     Hex            0%         N/A       36%         1
 Confusing Touch          Hex            0%         N/A       75%         3
 Sigil of Binding         Hex            0%         N/A       75%         3
 Vampiric Draining        Necr           0%         2d6       75%         3


Dungeon Overview and Level Annotations

Branches:
Dungeon (7/15)             Temple (1/1) D:6         Ossuary (visited)

Altars:
Ashenzari
Cheibriados
Dithmenos
Elyvilon
Fedhas
Hepliaklqana
Kikubaaqudgha
Makhleb
Nemelex Xobeh
Okawaru
Qazlal
Ru
Sif Muna
Uskayaw
Vehumet
Wu Jian
Xom
Zin
The Shining One


Innate Abilities, Weirdness & Mutations

You are something dangerously unstable.
You glow with magical radiation, making you easy to see and hit.
Foes you strike become dangerously contaminated with magical radiation.
Your maximum health is decreased, since you lack skill for your form.
You are incapable of wielding weapons or throwing items.
You cannot wear most types of armour.
You are amphibious.
You can wear up to eight rings at the same time.
Your skin changes colour to match your surroundings (Stealth+).
Your rubbery body absorbs attacks. (AC +1, EV +1)
((You are camouflaged when in or above water. (Stealth+)))
You have tentacles for arms and can constrict up to eight enemies at once.
Your flesh is cold resistant. (rC+)
Your flesh is heat resistant. (rF+)
You have hidden genetic defects.


Message History

You squeeze the centaur.
The centaur is heavily wounded.
The centaur misses you. The centaur kicks you. The sky beast hits you.
The sky beast shocks you.
You are too injured to fight recklessly!
Unknown command.
It was a potion of mutation.
You feel extremely strange.
You feel resistant to heat.
You feel resistant to cold.
You feel a hidden malignance growing inside you.
The centaur hits you.
* * * LOW HITPOINT WARNING * * *
The centaur kicks you.
* * * LOW HITPOINT WARNING * * *
The sky beast barely misses you. The sky beast misses you.
The centaur closely misses you. The centaur kicks you.
* * * LOW HITPOINT WARNING * * *
Okay, then.
It was a potion of degeneration.
There was something very wrong with that liquid.
You feel weakened.
You feel dopey.
You feel clumsy. The centaur barely misses you. The centaur closely misses you.
The sky beast closely misses you.
The sky beast hits you but does no damage.
You barely miss the centaur.
The centaur is heavily wounded.
The centaur hits you.
* * * LOW HITPOINT WARNING * * *
The centaur barely misses you. The sky beast barely misses you.
The sky beast hits you but does no damage.
The centaur closely misses you. x2
You barely miss the centaur.
The centaur is moderately wounded.
The centaur misses you. The centaur kicks you.
* * * LOW HITPOINT WARNING * * *
The sky beast flickers out of sight!
Deactivating autopickup; reactivate with Ctrl-A.
Something hits you.
* * * LOW HITPOINT WARNING * * *
Something shocks you.
You die...

#.#....[.... ...#
#.#.......####/..#
####.#..........#...#
.....#............#.+ .
###))'.........<....# ..
###'##.........#.####...
..)..#...........#......
.....#.......#.#........
.....#######.#.+p{......
###### #.###cY......
#.#.## #.. .........
..#..# #########.......
#.#..###... ##.....
.........##+## .....
#............# .?...
#............# ....
##......[....#


You could see a sky beast and a centaur (contam).

Vanquished Creatures
  An acid dragon (D:7)
  2 black bears (D:4)
  A centaur (D:7)
  2 phantoms (D:6)
  2 elf zombies (Ossuary)
  A kobold brigand (D:7)
  A bullfrog (D:6)
  A howler monkey (D:5)
  A human zombie (Ossuary)
  A centaur zombie (Ossuary)
  5 hounds
  A jelly (D:6)
  2 orc priests
  Jessica (D:2)
  2 iguanas (D:5)
  2 orc wizards
  3 mummies
  8 adders
  2 white imps
  2 ufetubi
  An adder zombie (Ossuary)
  3 worms (D:3)
  2 dart slugs (D:3)
  15 orcs
  7 ball pythons
  5 bats
  7 endoplasms
  5 goblins
  7 hobgoblins
  6 jackals
  11 kobolds
  2 quokkas (D:1)
  4 frilled lizards
  2 goblin zombies (Ossuary)
  7 hobgoblin zombies (Ossuary)
  3 jackal zombies (Ossuary)
  18 kobold zombies
  3 orc zombies (Ossuary)
  7 rats
156 creatures vanquished.

Notes
Turn   | Place    | Note
-------+----------+-------------------------------------------
     0 | D:1      | Ethylacetat the Octopode Shapeshifter began the quest for
                  | the Orb.
     0 | D:1      | Reached XP level 1. HP: 13/13 MP: 1/1
    24 | D:1      | Found a faded altar of an unknown god.
   112 | D:1      | Reached XP level 2. HP: 18/18 MP: 2/2
   727 | D:2      | Reached XP level 3. HP: 23/23 MP: 3/3
   947 | D:2      | Found a burning altar of Makhleb.
  1175 | D:2      | Noticed Jessica
  1181 | D:2      | Killed Jessica
  1182 | D:2      | Reached XP level 4. HP: 20/29 MP: 4/4
  1751 | D:3      | Reached XP level 5. HP: 13/34 MP: 5/5
  1868 | D:3      | Reached skill level 4 in Shapeshifting
  2608 | D:4      | Found a sand-covered staircase.
  2651 | Ossuary  | Entered an ossuary
  2796 | Ossuary  | Reached XP level 6. HP: 39/41 MP: 6/6
  2993 | Ossuary  | Reached XP level 7. HP: 45/46 MP: 7/7
  3038 | Ossuary  | Reached skill level 5 in Shapeshifting
  3338 | D:4      | Found an iron altar of Okawaru.
  3977 | D:5      | Entered Level 5 of the Dungeon
  4389 | D:5      | Found a blossoming altar of Fedhas.
  4479 | D:5      | Reached XP level 8. HP: 54/54 MP: 8/8
  4575 | D:5      | Found a sparkling altar of Nemelex Xobeh.
  4659 | D:5      | Reached skill level 5 in Unarmed Combat
  4770 | D:5      | Reached skill level 6 in Shapeshifting
  5034 | D:6      | Found a staircase to the Ecumenical Temple.
  5049 | Temple   | Entered the Ecumenical Temple
  5845 | D:7      | Reached skill level 5 in Dodging
  6144 | D:7      | Gained mutation: Your flesh is heat resistant. (rF+)
                  | [potion of mutation]
  6144 | D:7      | Gained mutation: Your flesh is cold resistant. (rC+)
                  | [potion of mutation]
  6144 | D:7      | Gained mutation: You have hidden genetic defects. [potion
                  | of mutation]
  6147 | D:7      | HP: 2/53 [something (3)]
  6147 | D:7      | Slain by a sky beast

Illustrated notes

Levels and vault maps discovered:
D:1:      tarquinn_simple_flora_water_a, layout_basic, basic_ecumenical_altar,
          minmay_misc_feat_encased, chequers_serial_rivers_micro_b
D:2:      layout_loops_corners, basic_altar, uniq_jessica
D:3:      layout_basic, saegor_snake_ambush
D:4:      layout_basic, nicolae_overflow_hidden_temple,
          nicolae_ossuary_entry_giza
D:5:      layout_basic, mainiacjoe_overflow_big_doors, roderic_nine_men_s_morris
D:6:      layout_basic, minmay_temple_entry_statues_pillars
D:7:      layout_basic, small_statue_intersection, uniq_crazy_yiuf_cottage
Temple:   regret_index_temple_sphere_string

Skill      XL: |  1  2  3  4  5  6  7  8 |
---------------+-------------------------+-----
Fighting       | 2 3 4 |  4.8
Shapeshifting  | 4 5 6 |  6.9
Dodging        | 3 4 5 |  5.1
Unarmed Combat | 4 5 |  5.6

Action                     |  1- 3 |  4- 6 |  7- 9 || total
---------------------------+-------+-------+-------++-------
  Melee: Unarmed           |    66 |   172 |   127 ||   365
         Constrict         |    19 |    52 |    34 ||   105
         Tentacles         |     9 |    36 |    33 ||    78
         Punch             |     2 |     5 |     4 ||    11
  Evoke: Wand              |       |       |     2 ||     2
    Use: Potion            |       |     1 |     2 ||     3
   Stab: Sleeping          |    10 |    12 |     7 ||    29
 Armour: Skin              |    13 |    75 |    73 ||   161
  Dodge: Dodged            |    36 |    63 |    94 ||   193
   Form: Flux              |       |       |     1 ||     1

Table legend: (Time is in decaauts)
 A = Elapsed time spent in this place.
 B = Non-inter-level travel time spent in this place.
 C = Inter-level travel time spent in this place.
 D = Time resting spent in this place.
 E = Time spent auto-exploring this place.
 F = Levels seen in this place.
 G = Mean time per level.
                   A        B        C        D        E       F      G
               +--------+--------+--------+--------+--------+-----+--------+
         Total |   6117 |   5930 |    187 |      0 |   5010 |   9 |  679.7 |
       Dungeon |   5719 |   5532 |    187 |      0 |   4783 |   7 |  817.0 |
        Temple |      1 |      1 |      0 |      0 |      0 |   1 |    1.0 |
       Ossuary |    396 |    396 |      0 |      0 |    227 |   1 |  396.0 |
               +--------+--------+--------+--------+--------+-----+--------+

Top non-repeatable levels by time:
     D:3: 997 daAuts
     D:4: 986 daAuts
     D:5: 927 daAuts
     D:6: 907 daAuts
     D:2: 855 daAuts
     D:1: 721 daAuts
 Ossuary: 396 daAuts
     D:7: 324 daAuts
  Temple: 1 daAuts
